 Dungeon Crawl Stone Soup version 0.18.1-5-g4a78601 (webtiles) character file.

119 Rattbag the Ducker (level 4, -5/35 HPs)
             Began as a Demigod Wanderer on May 13, 2016.
             Slain by a gnoll
             ... wielding a +0 halberd of venom
              (6 damage)
             ... on level 3 of the Dungeon.
             The game lasted 00:13:45 (1380 turns).

Rattbag the Ducker (Demigod Wanderer)               Turns: 1380, Time: 00:13:48

Health: -5/35      AC: 12    Str: 13    XL:     4   Next: 46%
Magic:  8/8        EV:  4    Int: 18    God:
Gold:   59         SH:  0    Dex: 17    Spells: 0 memorised, 5 levels left

rFire  . . .     SeeInvis .     a - +2 falchion
rCold  . . .     Gourm    .     g - +0 plate armour
rNeg   . . .     Faith    .     (no shield)
rPois  .         Spirit   .     (no helmet)
rElec  .         Dismiss  .     (no cloak)
rCorr  .         Reflect  .     e - +1 pair of gloves
SustAt +         Harm     .     (no boots)
MR     +....                    (no amulet)
Stlth  ..........               (no ring)
                                h - ring of protection from magic

@: lethally poisoned (-5 -> -32), somewhat resistant to hostile enchantments,
extremely unstealthy
A: high mp 1, sustain attributes
a: no special abilities


You were on level 3 of the Dungeon.
You were not hungry.

You visited 1 branch of the dungeon, and saw 3 of its levels.

You collected 59 gold pieces.

Inventory:

Hand Weapons
 a - a +2 falchion (weapon)
Armour
 e - a +1 pair of gloves (worn)
 g - a +0 plate armour (worn)
Jewellery
 h - a ring of protection from magic (left hand)
Wands
 q - a wand of polymorph (11/24)
Scrolls
 k - a scroll of immolation {unknown}
 l - a scroll of amnesia
 p - a scroll of identify {unknown}
Potions
 b - a potion of lignification
 f - a potion of ambrosia {unknown}
 j - a potion of mutation {unknown}
 m - a potion of magic {unknown}
 r - a potion of curing {unknown}
 s - a potion of might {unknown}
Books
 c - the Reference Book on Flight

   Spells                             Type                      Level
   a - Shock                          Conjuration/Air              1
   b - Static Discharge               Conjuration/Air              3
 n - a book of the Earth

   Spells                             Type                      Level
   a - Leda's Liquefaction            Hexes/Earth                  4
   b - Bolt of Magma                  Conjuration/Fire/Earth       5
   c - Statue Form                    Transmutation/Earth          6
   d - Iron Shot                      Conjuration/Earth            6
   e - Shatter                        Earth                        9
Comestibles
 i - a meat ration
 o - 2 bread rations


   Skills:
 + Level 1.3 Fighting
 + Level 1.8 Long Blades
 + Level 1.5 Armour
 + Level 3.0 Dodging
 + Level 1.6 Stealth
   Level 1.0 Shields
 + Level 1.0 Spellcasting
   Level 1.7 Conjurations
   Level 1.7 Summonings


You had 5 spell levels left.
You didn't know any spells.

Dungeon Overview and Level Annotations

Branches:
Dungeon (3/15)

Annotations:
D:2 Natasha


Innate Abilities, Weirdness & Mutations

You have an increased reservoir of magic (+10% MP).
Your attributes are resistant to harm.


Message History

The gnoll hits you but does no damage.
Your plate armour prevents you from hitting the gnoll.
The gnoll is moderately wounded.
You feel very sick.
The gnoll hits you from afar with a halberd of venom.
You are more poisoned.
The gnoll hits you.
* * * LOW HITPOINT WARNING * * *
You slash the gnoll!
The gnoll is severely wounded.
* * * LOW HITPOINT WARNING * * *
You feel very sick. The gnoll barely misses you.
The gnoll completely misses you.
You hit the gnoll but do no damage.
The gnoll is severely wounded.
* * * LOW HITPOINT WARNING * * *
You feel sick. The gnoll hits you.
* * * LOW HITPOINT WARNING * * *
The gnoll hits you from afar with a halberd of venom.
You die...

#.# #. #.# #.# ##%#
######.# ##.##
###...## #...)..#
##...##
#.g....###.######
##.g...## #........#
#<.gg...##.##.#g#####
##g......... #g#
##g..####.# #g# ##.##
#@# ### #......#
########


You could see 2 gnolls and a goblin.

Vanquished Creatures
  Natasha (D:2)
  2 gnolls (D:3)
  2 adders (D:2)
  A worm (D:2)
  2 dart slugs
  2 giant geckos
  2 orcs
  A giant cockroach (D:3)
  4 goblins
  6 hobgoblins
  8 jackals
  2 kobolds (D:1)
  A quokka (D:2)
  4 bats (D:1)
  3 rats (D:2)
41 creatures vanquished.

Notes
Turn   | Place    | Note
--------------------------------------------------------------
     0 | D:1      | Rattbag the Demigod Wanderer began the quest for the Orb.
     0 | D:1      | Rattbag set off with: a +2 falchion, a potion of lignification, the Reference Book on Flight, a +0 robe, a bread ration
     0 | D:1      | Reached XP level 1. HP: 14/14 MP: 4/4
    83 | D:1      | Reached skill level 2 in Dodging
   183 | D:1      | Reached XP level 2. HP: 10/22 MP: 5/5
   460 | D:2      | Reached XP level 3. HP: 9/27 MP: 6/6
   672 | D:2      | Noticed Natasha
   692 | D:2      | Killed Natasha
   692 | D:2      | Reached skill level 1 in Fighting
   692 | D:2      | Reached skill level 3 in Dodging
   727 | D:2      | Noticed Natasha
   813 | D:2      | Reached skill level 1 in Armour
   813 | D:2      | Reached XP level 4. HP: 4/35 MP: 8/8
  1140 | D:3      | Found a snail-covered altar of Cheibriados.
  1267 | D:3      | Found a glowing golden altar of the Shining One.
  1380 | D:3      | HP: 1/35 [gnoll (2)]
  1380 | D:3      | Slain by a gnoll

Skill      XL: |  1  2  3 |
---------------+----------+-----
Dodging        | 2 3 |  3.0
Fighting       | 1 |  1.3
Armour         | 1 |  1.5
Long Blades    | |  1.8
Stealth        | |  1.6
Shields        | |  1.0
Spellcasting   | |  1.0
Conjurations   | |  1.7
Summonings     | |  1.7

Action                   |  1- 3 |  4- 6 || total
-------------------------+-------+-------++-------
Melee: Falchion          |    95 |    79 ||   174
  Use: Potion            |     1 |     1 ||     2
       Scroll            |     1 |       ||     1
  Eat: Bread ration      |     1 |       ||     1
Armor: Leather armour    |     1 |       ||     1
       Plate armour      |    56 |   101 ||   157
Dodge: Dodged            |    37 |    30 ||    67
